 Dungeon Crawl Stone Soup version 0.27.1 (webtiles) character file.

Game seed: 12364509178934611598

12208 Malachi the Cruncher (level 11, -4/83 HPs)
             Began as a Demonspawn Gladiator on Aug 24, 2021.
             Was a High Priest of Yredelemnul.
             Killed from afar by an ice dragon (41 damage)
             ... with a blast of cold
             ... on level 10 of the Dungeon on Aug 25, 2021.
             The game lasted 00:15:54 (8729 turns).

Malachi the Cruncher (Demonspawn Gladiator)         Turns: 8729, Time: 00:15:55

Health: -4/83      AC: 24    Str: 15    XL:     11   Next: 59%
Magic:  16/16      EV: 13    Int: 10    God:    Yredelemnul [*****.]
Gold:   589        SH:  0    Dex: 22    Spells: 10/10 levels left

rFire    . . .     SeeInvis .   c - +7 lajatang (vamp)
rCold    . . .     Faith    .   (shield currently unavailable)
rNeg     + + .     Spirit   .   w - +5 scale mail "Miczawki" {rPois rN++ Dex+2 Slay-2}
rPois    +         Reflect  .   j - +2 hat
rElec    +         Harm     .   A - +0 cloak {rCorr}
rCorr    +         Rampage  .   F - +0 pair of gloves
Will     +....                  (no boots)
Stlth    ++........             k - amulet "Guych" {RegenMP rCorr Slay+4}
HPRegen  0.23/turn              G - ring of the Tortoise {AC+8}
MPRegen  0.40/turn              K - ring "Uvanihol" {rElec rCorr Dex+3 Slay+5}

@: no status effects
A: talons 2, sturdy frame 1, demonic magic 2, demonic willpower, deterioration
1, screaming 1
a: Renounce Religion, Recall Undead Slaves, Injury Mirror, Animate Dead, Drain
Life, Enslave Soul


You were on level 10 of the Dungeon.
You worshipped Yredelemnul.
Yredelemnul was extremely pleased with you.
You visited 1 branch of the dungeon, and saw 10 of its levels.
You also visited: Sewer.

You collected 589 gold pieces.

Inventory:

Hand Weapons
 c - a +7 vampiric lajatang (weapon)
 i - a +0 hunting sling
 n - a +2 dagger of venom
Missiles
 d - 3 throwing nets (quivered)
 h - 98 sling bullets
Armour
 j - a +2 hat (worn)
 w - the +5 scale mail "Miczawki" (worn) {rPois rN++ Dex+2 Slay-2}
   (You found it on level 5 of the Dungeon)

   Dex:       It affects your dexterity (+2).
   Slay:      It affects your accuracy & damage with ranged weapons and melee
   (-2).
   rPois:     It protects you from poison.
   rN:        It greatly protects you from negative energy.
 z - the +3 hat of Pondering {ponderous, Will+ MP+10 Int+5}
   (You took it off Gastronok on level 9 of the Dungeon)

   Int:       It affects your intelligence (+5).
   MP:        It affects your magic capacity (+10).
   Will:      It increases your willpower.
 A - a +0 cloak of preservation (worn)
 F - a +0 pair of gloves (worn)
Jewellery
 k - the amulet "Guych" (around neck) {RegenMP rCorr Slay+4}
   (You found it on level 4 of the Dungeon)

   [amulet of magic regeneration]

   It increases your rate of magic regeneration.
   Slay:      It affects your accuracy & damage with ranged weapons and melee
   (+4).
   rCorr:     It protects you from acid and corrosion.
 l - a ring of magical power
 m - a ring of ice
 p - an amulet of the acrobat
 t - an amulet of reflection
 C - a ring of poison resistance
 D - a ring of resist corrosion
 G - the ring of the Tortoise (left hand) {AC+8}
   (You found it on level 9 of the Dungeon)

   [ring of protection]

   AC:        It affects your AC (+8).
 J - an amulet of guardian spirit
 K - the ring "Uvanihol" (right hand) {rElec rCorr Dex+3 Slay+5}
   (You found it on level 10 of the Dungeon)

   [ring of resist corrosion]

   Dex:       It affects your dexterity (+3).
   Slay:      It affects your accuracy & damage with ranged weapons and melee
   (+5).
   rElec:     It insulates you from electricity.
   rCorr:     It protects you from acid and corrosion.
Wands
 o - a wand of mindburst (29)
 u - a wand of polymorph (6)
 v - a wand of paralysis (7)
 x - a wand of iceblast (6)
Scrolls
 a - a scroll of magic mapping
 b - a scroll of fear {unknown}
 y - 7 scrolls of identify
 B - 2 scrolls of summoning {unknown}
 E - a scroll of blinking {unknown}
 I - a scroll of teleportation
Potions
 e - 2 potions of brilliance
 f - a potion of berserk rage {unknown}
 g - 3 potions of attraction
 q - 4 potions of flight
 r - 4 potions of curing
 s - 7 potions of heal wounds
 H - a potion of resistance {unknown}
Miscellaneous
 L - a condenser vane


   Skills:
 + Level 6.5 Fighting
 - Level 3.0 Long Blades
 * Level 13.1 Staves
 + Level 1.8 Throwing
 + Level 5.1 Armour
 + Level 5.0 Dodging
 - Level 1.8 Stealth
 * Level 6.9 Invocations


You had 10 spell levels left.
You didn't know any spells.
Your spell library contained the following spells:

 Spells                   Type           Power      Damage    Failure   Level
 Sting                    Tmut/Pois      0%         1d3       63%         1
 Poisonous Vapours        Pois/Air       0%         N/A       77%         2
 Slow                     Hex            0%         N/A       77%         2
 Confusing Touch          Hex            0%         N/A       94%         3
 Vampiric Draining        Necr           0%         2d6       94%         3
 Hailstorm                Conj/Ice       0%         3d3       100%        4
 Ice Form                 Ice/Tmut       0%         N/A       100%        4
 Olgreb's Toxic Radiance  Pois           0%         N/A       100%        4
 Dispersal                Tloc           0%         N/A       100%        6
 Simulacrum               Ice/Necr       0%         N/A       100%        6
 Disjunction              Tloc           0%         N/A       100%        8


Dungeon Overview and Level Annotations

Branches:
Dungeon (10/15)            Temple (0/1) D:7            Lair (0/6) D:9
    Orc (0/2) D:10          Sewer (visited)

Altars:
Yredelemnul
The Shining One
Beogh

Shops:
D:1 *

Annotations:
D:9 2 transporters
D:10 3 runed translucent doors


Innate Abilities, Weirdness & Mutations

You have razor-sharp toenails.
Your movements are slightly less encumbered by armour. (ER -2)
Spells you cast may paralyse nearby enemies.
You punish those that try to bend your will. (Will+)
Your body sometimes deteriorates upon taking damage.
You occasionally shout uncontrollably at your foes.


Message History

Your flying skull hits the fire dragon!
The ice dragon bites you but does no damage.
The ice dragon claws you but does no damage.
The ice dragon tramples you.
You hold your ground!
Your flying skull hits the fire dragon!
The fire dragon dies!
Yredelemnul accepts your kill.
Your Staves skill increases to level 13!
You hit the ice dragon.
You feel better.
The ice dragon is lightly wounded.
Your flying skull hits the ice dragon.
The ice dragon barely misses you. x2
The ice dragon closely misses you. The ice dragon breathes frost at you.
The blast of cold hits the ice dragon.
The ice dragon resists.
The blast of cold hits you but does no damage.
Your flying skull hits the ice dragon.
You slash the ice dragon!
You feel better.
You claw the ice dragon.
The ice dragon is moderately wounded.
Your flying skull barely misses the ice dragon.
The ice dragon breathes frost at you. The blast of cold hits you!!
The blast of cold hits your flying skull!
Your flying skull resists.
Your flying skull hits the ice dragon.
You are too injured to fight recklessly!
You are too injured to fight recklessly!
You are too injured to fight recklessly!
You are too injured to fight recklessly!
Unknown command.
You slice the ice dragon!! You claw the ice dragon!
The ice dragon is almost dead.
Your flying skull hits the ice dragon. x2
You hit the ice dragon.
You feel better.
You claw the ice dragon.
You kill the ice dragon!
Yredelemnul accepts your kill. The ice dragon breathes frost at you.
The blast of cold misses your flying skull.
The blast of cold hits you!!!
You die...
Your body rises from the dead as a mindless zombie.

...[..#...#≈≈#....#.....#...#.
.......)..#≈≈#..⌠.#...........
#.........####....#...........
#.>....)..#...[...#...........
..........#....####...........
.......)..#.⌠..#§§#.##.......#
...........#...D#§§#..#........
......#...####z####.)....#.##.
......#...)Wz@z...)).....#..##
.#....#..###z#W#..)).#..###...
#...............z.###..#.#...
###...#>.##.....##...##.##.##..
##.....#[.##..#..##W.....#...#..
#.....z............z....###.###.
#......##..####....z#...#..)..#.
##....#....#.###...####.####.####
#.##..#.##..............#zz....)#


You could see an ice dragon (catching breath, ally target), 2 friendly wraiths
and 4 friendly flying skulls.

Vanquished Creatures
  Gastronok (D:9)
  An ice dragon (D:10)
  2 two-headed ogres
  A deep elf knight (D:10)
  Pikel (D:6)
  A wolf spider (D:10)
  A centaur zombie (D:10)
  2 kobold demonologists (D:10)
  A troll (D:10)
  A vampire (D:10)
  A yak (D:10)
  Sigmund (D:5)
  A wraith (D:10)
  A steam dragon (D:7)
  Edmund (D:4)
  A water moccasin (D:8)
  2 sky beasts
  4 orc warriors
  2 black bears (D:8)
  2 necrophages
  An ogre (D:4)
  A lemure (D:6)
  3 centaurs
  2 phantoms
  3 kobold brigands
  4 bullfrogs
  A wyvern zombie (D:4)
  A gnoll sergeant (D:9)
  2 scorpions
  14 killer bees
  4 howler monkeys
  A gnoll shaman (D:8)
  2 jellies (D:6)
  4 orc priests
  Crazy Yiuf (D:5)
  A centaur skeleton (D:7)
  11 orc wizards
  Natasha (thrice) (D:4)
  2 howler monkey zombies
  20 gnolls
  A river rat (Sewer)
  7 adders
  3 shadow imps
  A white imp (D:6)
  An ufetubus (D:5)
  An adder skeleton (D:4)
  2 worms (D:4)
  52 orcs
  7 ball pythons
  3 bats
  5 endoplasms
  11 giant cockroaches
  11 goblins
  7 hobgoblins
  7 jackals
  19 kobolds
  4 quokkas (D:3)
  A frilled lizard (D:1)
  11 rats
263 creatures vanquished.

Vanquished Creatures (collateral kills)
  A fire dragon (D:10)
  A centaur warrior (D:10)
  A komodo dragon (D:9)
  A troll (D:10)
  A wraith (D:9)
  A water moccasin (D:6)
  2 orc warriors (D:10)
  A lemure (D:6)
  A kobold brigand (D:7)
  A killer bee (D:7)
  An orc priest (D:7)
  3 orc wizards
  2 gnolls (D:7)
  11 orcs
  4 kobolds
32 creatures vanquished.

Vanquished Creatures (others)
  A wight (D:10)
  A mummy (D:7)
  2 orcs (D:10)
  41 plants
45 creatures vanquished.

Grand Total: 340 creatures vanquished

Notes
Turn   | Place    | Note
-------+----------+-------------------------------------------
     0 | D:1      | Malachi the Demonspawn Gladiator began the quest for the
                  | Orb.
     0 | D:1      | Reached XP level 1. HP: 16/16 MP: 1/1
   309 | D:1      | Gained mutation: Spells you cast may paralyse adjacent
                  | enemies. [demonic ancestry]
   309 | D:1      | Reached XP level 2. HP: 22/22 MP: 2/2
   460 | D:1      | Found Odeudgh's General Store.
   463 | D:1      | Identified a scroll of acquirement
   463 | D:1      | Acquired a +2 vampiric lajatang
   617 | D:1      | Found a faded altar of an unknown god.
   723 | D:1      | Became a worshipper of Yredelemnul the Dark
   723 | D:1      | Reached * piety under Yredelemnul
   826 | D:2      | Noticed a howler monkey
   835 | D:2      | Killed a howler monkey
   836 | D:2      | Reached skill level 1 in Staves
   836 | D:2      | Reached XP level 3. HP: 23/27 MP: 3/3
   846 | D:2      | Reached skill level 1 in Armour
   846 | D:2      | Reached XP level 4. HP: 33/33 MP: 4/4
   985 | D:2      | Reached skill level 2 in Staves
  1638 | D:2      | Reached ** piety under Yredelemnul
  1961 | D:3      | Found a glowing drain.
  1972 | Sewer    | Entered a sewer
  1978 | Sewer    | Reached XP level 5. HP: 38/38 MP: 5/5
  2058 | Sewer    | Reached skill level 3 in Staves
  2586 | D:4      | Noticed an ogre
  2591 | D:4      | Killed an ogre
  2592 | D:4      | Reached skill level 4 in Staves
  2592 | D:4      | Gained mutation: You have sharp toenails. [demonic
                  | ancestry]
  2592 | D:4      | Reached XP level 6. HP: 46/46 MP: 6/6
  2625 | D:4      | Reached *** piety under Yredelemnul
  2790 | D:4      | Identified the amulet "Guych" {RegenMP rCorr Slay+4}
  2851 | D:4      | Noticed Natasha
  2858 | D:4      | Killed Natasha
  3037 | D:4      | Noticed Natasha
  3042 | D:4      | Killed Natasha
  3069 | D:4      | Reached skill level 5 in Staves
  3079 | D:4      | Noticed Natasha
  3084 | D:4      | Killed Natasha
  3085 | D:4      | Gained mutation: Spells you cast may paralyse nearby
                  | enemies. [demonic ancestry]
  3085 | D:4      | Reached XP level 7. HP: 37/51 MP: 7/7
  3218 | D:4      | Gained mutation: You occasionally shout uncontrollably at
                  | your foes. [potion of mutation]
  3218 | D:4      | Gained mutation: Your body sometimes deteriorates upon
                  | taking damage. [potion of mutation]
  3307 | D:4      | Noticed Edmund
  3316 | D:4      | Killed Edmund
  3317 | D:4      | Reached skill level 1 in Stealth
  3631 | D:5      | Entered Level 5 of the Dungeon
  3839 | D:5      | Identified the +5 scale mail "Miczawki" {rPois rN++ Dex+2
                  | Slay-2}
  3852 | D:5      | Noticed Sigmund
  3888 | D:5      | Killed Sigmund
  3889 | D:5      | Reached skill level 6 in Staves
  4321 | D:5      | Gained mutation: Your movements are slightly less
                  | encumbered by armour. (ER -2) [demonic ancestry]
  4321 | D:5      | Reached XP level 8. HP: 58/58 MP: 8/8
  4491 | D:5      | Found a runed translucent door.
  4492 | D:5      | Noticed Crazy Yiuf
  4601 | D:5      | Killed Crazy Yiuf
  5054 | D:6      | Reached skill level 7 in Staves
  5194 | D:6      | Reached **** piety under Yredelemnul
  5217 | D:6      | Received a gift from Yredelemnul (4 flying skulls)
  5241 | D:6      | Noticed Pikel
  5248 | D:6      | Killed Pikel
  5249 | D:6      | Reached skill level 8 in Staves
  5317 | D:6      | Gained mutation: You have razor-sharp toenails. [demonic
                  | ancestry]
  5317 | D:6      | Reached XP level 9. HP: 65/65 MP: 9/9
  5489 | D:7      | Reached skill level 9 in Staves
  5513 | D:7      | Received a gift from Yredelemnul (a mummy)
  5514 | D:7      | Reached skill level 1 in Invocations
  5569 | D:7      | You fall into a shaft and drop 2 floors!
  5579 | D:9      | Noticed Gastronok
  5623 | D:9      | Killed Gastronok
  5624 | D:9      | Reached skill level 10 in Staves
  5624 | D:9      | Gained mutation: You punish those that try to bend your
                  | will. (Will+) [demonic ancestry]
  5624 | D:9      | Reached XP level 10. HP: 51/73 MP: 9/12
  5761 | D:9      | Reached skill level 5 in Fighting
  5787 | D:9      | Found a transporter.
  5787 | D:9      | Noticed a fire crab
  5794 | D:9      | Noticed a fire crab
  5815 | D:9      | Found a transporter.
  5843 | D:9      | Noticed a two-headed ogre
  5850 | D:9      | Killed a two-headed ogre
  5851 | D:9      | Reached skill level 11 in Staves
  6142 | D:8      | Received a gift from Yredelemnul (a wraith)
  6183 | D:7      | Found a staircase to the Ecumenical Temple.
  6359 | D:7      | Received a gift from Yredelemnul (a wight)
  6662 | D:7      | Reached skill level 5 in Invocations
  7694 | D:9      | Found a staircase to the Lair.
  7770 | D:9      | Found the ring of the Tortoise {AC+8}
  8136 | D:10     | Entered Level 10 of the Dungeon
  8140 | D:10     | Reached skill level 12 in Staves
  8151 | D:10     | Reached ***** piety under Yredelemnul
  8191 | D:10     | Reached XP level 11. HP: 80/81 MP: 15/15
  8201 | D:10     | Received a gift from Yredelemnul (a wraith)
  8279 | D:10     | Noticed a fire dragon
  8280 | D:10     | Noticed an ice dragon
  8282 | D:10     | Found a runed translucent door.
  8282 | D:10     | Noticed an ice dragon
  8282 | D:10     | Noticed a fire dragon
  8282 | D:10     | Found the +2 shield of Resistance {rF++ rC++ Will++}
  8283 | D:10     | Found a runed translucent door.
  8323 | D:10     | Found a staircase to the Orcish Mines.
  8324 | D:10     | Noticed a centaur warrior
  8332 | D:10     | Killed a centaur warrior
  8422 | D:10     | Noticed a two-headed ogre
  8433 | D:10     | Killed a two-headed ogre
  8468 | D:10     | Noticed a wolf spider
  8474 | D:10     | Killed a wolf spider
  8475 | D:10     | Reached skill level 5 in Armour
  8479 | D:10     | Found a runed translucent door.
  8480 | D:10     | Found a runed translucent door.
  8490 | D:10     | Noticed a deep elf knight
  8494 | D:10     | Killed a deep elf knight
  8621 | D:10     | Identified the ring "Uvanihol" {rElec rCorr Dex+3 Slay+5}
  8700 | D:10     | Reached skill level 5 in Dodging
  8725 | D:10     | Killed a fire dragon
  8726 | D:10     | Reached skill level 13 in Staves
  8729 | D:10     | Killed an ice dragon
  8729 | D:10     | Killed from afar by an ice dragon

Illustrated notes

Levels and vault maps discovered:
D:1:      minmay_arrival_stone_box, layout_loops_ring, serial_shops,
          nicolae_shop_behind_doors, ebering_ecumenical_altar_rust,
          kennysheep_boxes
D:2:      layout_loops_ring, minmay_goblin_outpost
D:3:      layout_rooms, mainiacjoe_overflow_chevrons, gup_sewer_entry_pipe
D:4:      layout_loops_cross, grunt_ministairs_9, minmay_misc_feat_plants,
          st_stairs_7, chequers_decorated_corner, uniq_edmund, uniq_natasha
D:5:      layout_cave_pods, guppyfry_early_lair_pool, uniq_sigmund,
          uniq_crazy_yiuf_cottage
D:6:      layout_basic, uniq_pikel
D:7:      layout_loops_ring, minmay_temple_entry_gardened_gates,
          glass_columns_a, serial_bayou_pond_a
D:8:      layout_basic
D:9:      gammafunk_wand_slinger, layout_rooms, david_lair_shrubbed,
          uniq_gastronok
D:10:     minmay_the_grid_four_pointed_star_mashed
          [minmay_the_grid_triangle_9x9_zippers_horizontal,
          minmay_the_grid_triangle_9x9_descending_squares,
          minmay_the_grid_triangle_9x9_tough_junction,
          minmay_the_grid_triangle_9x9_skeleton,
          minmay_the_grid_prize_diamond_cup], layout_cave_pools, orc_0_dummy,
          special_room [special_room_orc], minmay_guarded_unrand_resistance

Skill      XL: |  1  2  3  4  5  6  7  8  9 10 11 |
---------------+----------------------------------+-----
Long Blades    | 3 |  3.0
Dodging        | 3 4 5 |  5.0
Staves         | 1 2 4 5 6 8 10 12 13 | 13.1
Armour         | 1 2 3 4 5 |  5.1
Fighting       | 3 4 5 6 |  6.5
Stealth        | 1 |  1.8
Invocations    | 3 5 6 |  6.9
Throwing       | |  1.8

Action                   |  1- 3 |  4- 6 |  7- 9 | 10-12 || total
-------------------------+-------+-------+-------+-------++-------
Melee: Long sword        |    22 |       |       |       ||    22
       Lajatang          |    31 |   169 |   185 |   239 ||   624
       Kick              |       |     9 |    62 |    66 ||   137
 Fire: Hunting sling     |       |     4 |       |       ||     4
Invok: Animate Remains   |       |     1 |       |       ||     1
       Injury Mirror     |       |       |     1 |       ||     1
       Recall Undead Sla |       |       |       |     1 ||     1
  Use: Scroll            |     5 |     8 |     2 |     1 ||    16
       Potion            |       |       |     3 |       ||     3
 Stab: Sleeping          |       |     4 |     1 |       ||     5
       Distracted        |       |     2 |       |     1 ||     3
Armor: Leather armour    |    17 |    79 |     5 |       ||   101
       Scale mail        |       |       |   100 |   146 ||   246
Dodge: Dodged            |    44 |   149 |   124 |   151 ||   468
       Rpst.: Long sword |     6 |       |       |       ||     6
